 Dungeon Sprint DCSS version 0.19-a0-376-gf780d9b (webtiles) character file.

8 Kidiri the Firebug (level 2, -1/17 HPs)
             Began as a Deep Elf Fire Elementalist on May 30, 2016.
             Was an Initiate of Vehumet.
             Killed from afar by a deep elf mage (18 damage)
             ... with a bolt of fire
             ... in the Dungeon (Sprint V: "Ziggurat Sprint").
             The game lasted 00:01:06 (76 turns).

Kidiri the Firebug (Deep Elf Fire Elementalist)       Turns: 76, Time: 00:01:07

Health: -1/17      AC:  2    Str:  5    XL:     2   Next: 0%
Magic:  8/9        EV: 14    Int: 25    God:    Vehumet [......]
Gold:   0          SH:  0    Dex: 21    Spells: 2 memorised, 6 levels left

rFire  . . .     SeeInvis .     (no weapon)
rCold  . . .     Gourm    .     a - +0 robe
rNeg   . . .     Faith    .     (no shield)
rPois  .         Spirit   .     (no helmet)
rElec  .         Dismiss  .     (no cloak)
rCorr  .         Reflect  .     (no gloves)
SustAt .         Harm     .     (no boots)
MR     .....     NoTele   +     (no amulet)
Stlth  ++........               y - +6 ring of dexterity
                                A - +6 ring of intelligence

@: not resistant to hostile enchantments, unstealthy
A: no striking features
a: Renounce Religion


You were in the Dungeon.
You worshipped Vehumet.
Vehumet was noncommittal.
You were not hungry.

You visited 1 branch

Inventory:

Hand Weapons
 J - a +5 quick blade
Armour
 a - a +0 robe (worn)
 K - a +3 buckler
Jewellery
 y - a +6 ring of dexterity (right hand)
 z - a +6 ring of dexterity
 A - a +6 ring of intelligence (left hand)
 B - a +6 ring of intelligence
 C - a +6 ring of strength
 D - a +6 ring of strength
Wands
 E - a wand of disintegration (7/24)
 F - a wand of iceblast (3/15)
 G - a wand of lightning (5/15)
 H - a wand of acid (5/15)
Scrolls
 i - 4 scrolls of blinking
 p - 4 scrolls of amnesia
 q - 3 scrolls of recharging
 r - 7 scrolls of fog
 s - a scroll of holy word
 t - 5 scrolls of identify
 u - 5 scrolls of remove curse
 v - 2 scrolls of fear
Potions
 d - 10 potions of curing
 e - 10 potions of heal wounds
 f - 6 potions of haste
 g - 7 potions of magic
 h - 3 potions of berserk rage
 j - 2 potions of brilliance
 k - 2 potions of invisibility
 l - 4 potions of resistance
 n - 5 potions of agility
 o - 5 potions of might
Books
 b - a book of Flames

   Spells                             Type                      Level
   a - Flame Tongue                   Conjuration/Fire             1
   b - Throw Flame                    Conjuration/Fire             2
   c - Conjure Flame                  Conjuration/Fire             3
   d - Inner Flame                    Hexes/Fire                   3
   e - Sticky Flame                   Conjuration/Fire             4
   f - Fireball                       Conjuration/Fire             5
Miscellaneous
 I - a crystal ball of energy
Comestibles
 c - 5 bread rations
 w - 42 fruits
 x - 4 meat rations


   Skills:
 + Level 1.7 Fighting
 + Level 2.0 Short Blades
 + Level 1.5 Armour
 + Level 3.5 Dodging
 - Level 2.4 Stealth
 + Level 1.5 Shields
 + Level 4.2 Spellcasting
 + Level 2.5 Conjurations
 * Level 4.9 Fire Magic
 + Level 2.2 Evocations


You had 6 spell levels left.
You knew the following spells:

 Your Spells              Type           Power        Failure   Level  Hunger
a - Flame Tongue          Conj/Fire      ###..        1%          1    None
b - Throw Flame           Conj/Fire      ###...       3%          2    None


Dungeon Overview and Level Annotations

Branches:
Dungeon (1/1)

Altars:
Ashenzari
Cheibriados
Dithmenos
Elyvilon
Fedhas
Gozag
Hepliaklqana
Kikubaaqudgha
Makhleb
Nemelex Xobeh
Okawaru
Pakellas
Qazlal
Ru
Sif Muna
Trog
Ukayaw
Vehumet
Xom
Yredelemnul
Zin
The Shining One
Beogh
Jiyva
Lugonu


Message History

Evoke which item? (* to show all) (? for menu, Esc to quit)
Zapping:
F - a wand of iceblast (4/15)
Press: ? - help, Shift-Dir - straight line, f - deep elf mage
Aim: a deep elf mage, wielding a long sword (lightly wounded)
The mass of ice explodes!
The iceblast engulfs the deep elf mage.
The deep elf mage is heavily wounded.
The iceblast engulfs the deep elf mage.
The deep elf mage is severely wounded.
This wand has 3 charges left.
Unknown command.
Cast which spell? (? or * to list)
Aiming: Flame Tongue
Press: ? - help, Shift-Dir - straight line, f - deep elf mage, p - deep elf mage
Aim: a deep elf mage, wielding a short sword (severely wounded)
The flame tongue hits the deep elf mage.
The deep elf mage is severely wounded.
The deep elf mage points at you and mumbles some strange words.
The bolt of fire hits you!
Ouch! That really hurt!
You die...

▓▓▓▓▓▓▓
▓.8©8.▓
▓.....▓
▓.|.|.▓
▓.....▓
▓..ee.▓
▓..@..▓
▓▓▓▓▓▓▓


You could see 2 deep elf magi.

Vanquished Creatures (others)
  3 spatial maelstroms (D)
3 creatures vanquished.

Notes
Turn   | Place    | Note
--------------------------------------------------------------
     0 | D        | Kidiri the Deep Elf Fire Elementalist began the quest for the Orb.
     0 | D        | Reached XP level 1. HP: 10/10 MP: 6/6
     0 | D        | Found a blossoming altar of Fedhas.
     0 | D        | Found a snail-covered altar of Cheibriados.
     0 | D        | Found a viscous altar of Jiyva.
     0 | D        | Found a roughly hewn altar of Beogh.
     0 | D        | Found a corrupted altar of Lugonu.
     1 | D        | Found a white marble altar of Elyvilon.
     1 | D        | Found a shimmering altar of Xom.
     2 | D        | Banished a spatial maelstrom
     3 | D        | Found a deep blue altar of Sif Muna.
     3 | D        | Found a burning altar of Makhleb.
     3 | D        | Found a bloodstained altar of Trog.
     3 | D        | Found an iron altar of Okawaru.
     3 | D        | Found a sparkling altar of Nemelex Xobeh.
     3 | D        | Found a radiant altar of Vehumet.
     7 | D        | Banished a spatial maelstrom
    11 | D        | Banished a spatial maelstrom
    27 | D        | Banished a spatial maelstrom
    45 | D        | Became a worshipper of Vehumet
    46 | D        | Reached skill level 1 in Fighting
    46 | D        | Reached skill level 1 in Armour
    46 | D        | Reached skill level 1 in Shields
    46 | D        | Reached XP level 2. HP: 17/17 MP: 7/9
    50 | D        | Learned a level 2 spell: Throw Flame
    73 | D        | Entered arena 1.
    73 | D        | Noticed a deep elf mage
    73 | D        | Noticed a deep elf mage
    76 | D        | Killed from afar by a deep elf mage

Vault maps used:
D:        sprint_v

Skill      XL: |  1 |
---------------+----+-----
Fighting       | 1 |  1.7
Short Blades   | 2 |  2.0
Armour         | 1 |  1.5
Dodging        | 3 |  3.5
Shields        | 1 |  1.5
Spellcasting   | 4 |  4.2
Conjurations   | 2 |  2.5
Fire Magic     | 4 |  4.9
Evocations     | 2 |  2.2
Stealth        | |  2.4

Action                   || total
-------------------------++-------
 Cast: Flame Tongue      ||     1
Evoke: Wand              ||     2
  Use: Potion            ||     1
